← All builds
Suicide front / Legion / Quick factory / OBSERVED BUILD

Standard suicide front

Quick Bot Lab into Vehicle Plant to project force at middle early with Ballista, Satyr, Decurion and Lance, transitioning into Barrage artillery and an Advanced Metal Extractor as the game develops.

#rush #raid · 26 distinct matches · 14 players · 79% of Legion Suicide front games · team won 50% of 26 · Recently observed

HOW TO PLAY IT

Key timing: Legion Vehicle Plant by 1:01

  1. Take a single mex and rush the bot lab immediately.
  2. Finish the bot lab fast to start early Decurion or Ballista pushes.
  3. Get the vehicle plant up to widen unit options for the front.
  4. Contest the middle early and expect combat losses right away.
  5. Pick up T2 constructor once middle is stabilized to prep for T2 arrivals.

Phase by phase

TYPICAL OF ITS 26 GAMES
  1. 1
  2. 2
  3. 3
PLAY THE OPENING

Follow the example game's first 6:00 step by step: what to build now, what comes next, and where it goes. At 1× it keeps pace with your own game.

  1. 1

    Up to the Legion Bot Lab

    Economy
    • Metal Extractor1Mex
    Order
    1. Legion Bot LabLegion Bot Lab after 2 mexdone ~0:34, middle half 0:20–0:35

    By 0:17 in all: 1 mex

    The example game in this phase · 3 steps
    1. Mex
    2. Wind
    3. Legion Bot LabLegion Bot Labdone 0:33 · typical 0:34
  2. 2

    Legion Bot Lab to 5:00

    Economy
    • Metal Extractor5Mex
    • Wind Turbine7Wind
    Builders
    • Construction Turret1 Con turret
    • Legion Construction Bot3 Legion Construction Bot
    • Zagreus2 Zagreus
    Army
    • Pharos4 Pharos
    Other
    • Radar Tower1 Radar Tower

    Some games also: Ballista (42%) · Goblin (38%) · Satyr (38%) · Legion Construction Vehicle (35%) · Barrage (31%)

    By 5:00 in all: 6 mex · 8 wind · 1 con turret

    The example game in this phase · 42 steps
    1. Legion Construction BotLegion Construction Bot
    2. PharosPharos
    3. SatyrSatyr
    4. Mex ×2
    5. Legion Construction BotLegion Construction Bot
    6. PharosPharos
    7. Legion Construction BotLegion Construction Bot
    8. Mex ×2
    9. ZagreusZagreus
    10. PharosPharos
    11. GoblinGoblin
    12. Radar TowerRadar Tower
    13. BallistaBallista
    14. Wind
    15. PharosPharos
    16. SatyrSatyr
    17. Wind
    18. SatyrSatyr
    19. BallistaBallista
    20. PharosPharos
    21. BallistaBallista
    22. Con turret
    23. BallistaBallista
    24. GoblinGoblin
    25. BallistaBallista ×2
    26. GoblinGoblin
    27. BallistaBallista
    28. Wind
    29. BallistaBallista
    30. Wind
    31. BallistaBallista
    32. Wind
    33. GoblinGoblin
    34. SatyrSatyr
    35. Wind
    36. BallistaBallista
    37. Wind
    38. BallistaBallista
    39. Wind
    40. BallistaBallista
    41. Energy storage
    42. BallistaBallista
  3. 3

    5:00 to 10:00

    Economy
    • Metal Extractor2Mex
    • Wind Turbine17Wind
    • Energy Storage1Energy storage
    Builders
    • Construction Turret3 Con turret

    Some games also: Zagreus (46%) · Radar Tower (42%) · converter (38%) · Ballista (38%) · Pharos (35%)

    By 10:00 in all: 8 mex · 25 wind · 1 energy storage · 4 con turret

    The example game in this phase · 297 steps
    1. BallistaBallista
    2. Con turret
    3. GoblinGoblin
    4. SatyrSatyr
    5. BallistaBallista
    6. Con turret
    7. BallistaBallista
    8. Dragon's TeethDragon's Teeth ×5
    9. BallistaBallista
    10. Wind ×2
    11. BallistaBallista
    12. Advanced Metal ExtractorT2 mexdone 7:15 · typical 8:45
    13. Wind
    14. SatyrSatyr
    15. Wind
    16. ZagreusZagreus
    17. Wind
    18. ZagreusZagreus
    19. Advanced Metal ExtractorT2 mex
    20. Wind
    21. Mex
    22. ZagreusZagreus
    23. Converter
    24. Dragon's TeethDragon's Teeth ×6
    25. GoblinGoblin
    26. SatyrSatyr
    27. Converter
    28. SatyrSatyr ×2
    29. Advanced Metal ExtractorT2 mex
    30. SatyrSatyr
    31. Converter
    32. SatyrSatyr ×2
    33. Legion Construction BotLegion Construction Bot
    34. Converter
    35. Advanced Metal ExtractorT2 mex
    36. Legion Construction BotLegion Construction Bot
    37. Converter ×2
    38. Legion Construction BotLegion Construction Bot
    39. Wind
    40. Legion Construction BotLegion Construction Bot
    41. Wind ×2
    42. Legion Construction BotLegion Construction Bot
    43. Wind
    44. Legion Construction BotLegion Construction Bot
    45. Con turret
    46. Legion Construction BotLegion Construction Bot
    47. Wind
    48. SatyrSatyr
    49. Wind
    50. SatyrSatyr
    51. Wind
    52. SatyrSatyr
    53. Wind
    54. SatyrSatyr
    55. Wind
    56. Con turret
    57. SatyrSatyr
    58. Wind
    59. SatyrSatyr
    60. Wind
    61. SatyrSatyr
    62. Wind
    63. SatyrSatyr ×3
    64. Con turret
    65. SatyrSatyr
    66. Metal storage
    67. SatyrSatyr
    68. Con turret
    69. SatyrSatyr ×3
    70. Con turret
    71. SatyrSatyr ×3
    72. Con turret
    73. SatyrSatyr
    74. Radar TowerRadar Tower
    75. SatyrSatyr ×3
    76. Wind
    77. SatyrSatyr
    78. Con turret ×2
    79. SatyrSatyr
    80. Wind
    81. SatyrSatyr ×2
    82. Con turret
    83. SatyrSatyr
    84. Con turret
    85. Wind
    86. SatyrSatyr
    87. Con turret
    88. SatyrSatyr ×2
    89. Wind
    90. SatyrSatyr
    91. Tidal
    92. SatyrSatyr
    93. Converter
    94. Legion Construction BotLegion Construction Bot
    95. Wind
    96. Con turret
    97. Tidal
    98. Wind ×2
    99. SatyrSatyr
    100. Wind ×2
    101. SatyrSatyr
    102. Wind ×2
    103. SatyrSatyr
    104. Tidal
    105. Wind
    106. SatyrSatyr
    107. Wind
    108. SatyrSatyr
    109. Wind
    110. Advanced solar
    111. SatyrSatyr
    112. Wind
    113. Converter
    114. Tidal
    115. Converter
    116. Wind ×3
    117. Con turret
    118. SatyrSatyr
    119. Wind ×3
    120. Tidal
    121. Wind ×3
    122. Converter
    123. Wind
    124. SatyrSatyr
    125. Converter
    126. Wind
    127. Advanced solar
    128. Wind
    129. Con turret
    130. SatyrSatyr
    131. Tidal
    132. Wind
    133. Con turret
    134. Metal storage
    135. Wind
    136. Converter
    137. Wind
    138. Con turret
    139. Energy storage
    140. SatyrSatyr
    141. Wind ×2
    142. Tidal
    143. Wind ×3
    144. Con turret
    145. Wind ×3
    146. Tidal
    147. Converter
    148. Wind ×4
    149. SatyrSatyr
    150. Wind
    151. Tidal
    152. Wind ×3
    153. Converter ×2
    154. Wind
    155. Converter
    156. Tidal
    157. GoblinGoblin
    158. Wind ×3
    159. Converter
    160. Wind
    161. SatyrSatyr
    162. Wind ×8
    163. SatyrSatyr
    164. Tidal
    165. Converter
    166. Wind ×9
    167. Converter
    168. Tidal
    169. SatyrSatyr
    170. Wind
    171. Converter
    172. Wind ×3
    173. SatyrSatyr
    174. Wind
    175. Tidal
    176. Wind
    177. Converter
    178. Wind
    179. Dragon's TeethDragon's Teeth
    180. Converter
    181. Wind
    182. SatyrSatyr
    183. Wind ×4
    184. Dragon's TeethDragon's Teeth
    185. Wind ×2
    186. Converter
    187. SatyrSatyr
    188. Wind
    189. Dragon's TeethDragon's Teeth
    190. Wind ×3
    191. Converter
    192. Wind
    193. Converter
    194. SatyrSatyr
    195. Tidal
    196. Dragon's TeethDragon's Teeth
    197. Wind ×5
    198. Dragon's TeethDragon's Teeth
    199. SatyrSatyr
    200. Wind ×3
    201. Tidal
    202. Wind ×4
    203. SatyrSatyr
    204. Wind ×2
    205. Dragon's TeethDragon's Teeth
    206. Wind ×2
    207. Converter
    208. Wind
    209. Converter
    210. Wind
    211. Converter
    212. Dragon's TeethDragon's Teeth
    213. SatyrSatyr
    214. Tidal
    215. Wind
    216. Converter
    217. Wind ×2
    218. Dragon's TeethDragon's Teeth
    219. SatyrSatyr
    220. Converter
    221. Wind ×4
    222. SatyrSatyr
    223. Wind ×3
    224. Dragon's TeethDragon's Teeth
    225. Converter
    226. Tidal
    227. Wind ×2
    228. SatyrSatyr
    229. Converter
    230. Wind ×4
    231. Dragon's TeethDragon's Teeth
    232. SatyrSatyr
    233. Wind ×5
    234. SatyrSatyr
    235. Wind ×3
    236. Tidal
    237. Dragon's TeethDragon's Teeth
    238. Converter
    239. Wind ×2
    240. SatyrSatyr
    241. Converter
    242. Wind
    243. Converter
    244. Wind ×2
    245. Dragon's TeethDragon's Teeth
    246. Wind
    247. Converter
    248. Wind ×2
    249. Converter
    250. Wind ×2
    251. Tidal
    252. Wind
    253. ZagreusZagreus
    254. Wind
    255. Converter
    256. Wind ×7
    257. Dragon's TeethDragon's Teeth
    258. Converter ×3
    259. Wind ×3
    260. Tidal
    261. Dragon's TeethDragon's Teeth
    262. Wind ×7
    263. Dragon's TeethDragon's Teeth
    264. Wind ×2
    265. Converter ×2
    266. Wind ×2
    267. Dragon's TeethDragon's Teeth
    268. Wind ×2
    269. Converter
    270. Tidal
    271. Wind
    272. Converter
    273. Dragon's TeethDragon's Teeth
    274. Wind ×8
    275. Dragon's TeethDragon's Teeth
    276. Wind ×5
    277. Converter
    278. Tidal
    279. Dragon's TeethDragon's Teeth
    280. Wind
    281. Converter ×2
    282. Wind
    283. Con turret
    284. Wind ×4
    285. Dragon's TeethDragon's Teeth
    286. Converter
    287. Wind ×4
    288. Tidal
    289. Wind
    290. AmputatorAmputator
    291. Converter
    292. Wind ×2
    293. Converter ×2
    294. Wind ×5
    295. Converter
    296. Tidal
    297. Wind

Counts are medians over the build's games: half of them build more, half fewer. The example game is _X_'s (52 OS, 06/09/2026); pick another.

Team trades

IN AT LEAST 30% OF ITS GAMES

You hand over

Nothing regular.

You get

  • Tidal Generator4 Tidal from Pondfirst at 0:11 · in 69% of games
  • Advanced Construction Bot1 T2 con bot from Geo or Techfirst at 7:31 · in 54% of games

How it plays out

Typical game of this build, running totals by minute

Metal produced

010k20k30k
0:005:0010:0015:00

metal

Enemy metal destroyed

05k10k
0:005:0010:0015:00

metal

Own metal lost

05k10k
0:005:0010:0015:00

metal

26 games.

Show as table
ByMetal produced: This buildEnemy metal destroyed: This buildOwn metal lost: This build
1:0024900
2:0087900
3:00204220360
4:003176484320
5:0042971154788
6:00526718041130
7:00619125412201
8:00749140053250
9:00877445374000
10:001049947444506
11:001232249825031
12:001458453036112
13:001742860647159
14:002039474937635
15:002406490817997
WHAT THE NUMBERS SAY

Suicide front trades heavily, destroying more enemy metal early than any other role shown but also losing the most, reflecting its all-in nature.

  • + Enemy metal destroyed hits 1253 by 5:00, far ahead of other roles at that mark.
  • + Metal produced by 5:00 reaches 4185, among the highest early figures.
  • − Own metal lost reaches 5320 by 10:00, the heaviest losses of any build shown.
  • − Team win rate is only 48%, despite the aggressive early trades.
THE EXAMPLE YOU ARE READING

_X_

51.6 OS · 06/09/2026

Open source match ↗

6 received units · includes a constructor
335 metal received · 42685 energy received

Allied construction assistance is unknown. Timings are observations, not a promise of solo reproducibility.

Typical milestones

Legion Bot Lab0:34Middle 50%: 0:20–0:35 · n=17
Legion Vehicle Plant1:01Middle 50%: 0:36–6:33 · n=16
Advanced Metal Extractor8:45Middle 50%: 8:17–9:33 · n=13

Played most by

_X_8games of this build[crd]sisa4games of this build[Cookie]Maco2games of this buildyubiyubi2games of this buildBoozha1game of this build